 Dungeon Crawl Stone Soup version 0.28-a0-1395-g4f6bc678fa (webtiles) character file.

Game seed: 106801695063047244

27314 Deminshera the Slinger (level 13, -2/70 HPs)
             Began as a Spriggan Hunter on Jan 4, 2022.
             Was a High Priest of Okawaru.
             Killed from afar by an ice dragon (50 damage)
             ... with a blast of cold
             ... on level 11 of the Dungeon.
             The game lasted 00:38:01 (24641 turns).

Deminshera the Slinger (Spriggan Hunter)           Turns: 24641, Time: 00:38:03

Health: -2/70      AC: 10    Str:  8    XL:     13   Next: 3%
Magic:  16/20      EV: 30    Int: 13    God:    Okawaru [*****.]
Gold:   1397       SH: 14    Dex: 22    Spells: 17/20 levels left

rFire   . . .      SeeInvis +   P - +2 hunting sling (freeze)
rCold   . . .      Faith    .   K - +0 buckler
rNeg    . . .      Spirit   .   G - +3 steam dragon scales
rPois   +          Reflect  +   Q - +0 hat {Stlth+}
rElec   .          Harm     .   U - +1 cloak
rCorr   .          Rampage  .   (gloves unavailable)
Will    ++...                   (boots unavailable)
Stlth   ++++++....              e - amulet of reflection
HPRegen 0.21/turn               a - +4 ring of slaying
MPRegen 0.17/turn               g - ring "Meothan" {+Blink rPois EV+4 Dex+2}

@: very quick
A: very small, no large weapons, unfitting armour, see invisible, speed 3
a: Renounce Religion, Evoke Blink, Heroism, Finesse, Duel


You were on level 11 of the Dungeon.
You worshipped Okawaru.
Okawaru was extremely pleased with you.
You visited 1 branch of the dungeon, and saw 13 of its levels.

You collected 2219 gold pieces.
You spent 822 gold pieces at shops.

Inventory:

Hand Weapons
 c - the +8 lajatang "Beetle's Peril" {freeze, Fly}
   (Okawaru gifted it to you on level 13 of the Dungeon)

   It freezes those it strikes, dealing additional cold damage.
   It can also slow down cold-blooded creatures.
   Fly:       It grants you flight.
 P - a +2 hunting sling of freezing (weapon)
Missiles
 d - 99 sling bullets (quivered ammo)
 j - 344 stones
 N - 4 throwing nets
Armour
 y - the +0 robe of Liberty {rElec rPois rF+ Str-3}
   (Okawaru gifted it to you on level 12 of the Dungeon)

   Str:       It affects your strength (-3).
   rF:        It protects you from fire.
   rElec:     It insulates you from electricity.
   rPois:     It protects you from poison.
 G - +3 steam dragon scales (worn)
 K - a +0 buckler (worn)
 Q - a +0 hat of stealth (worn)
 U - a +1 cloak (worn)
 V - a +0 troll leather armour
Jewellery
 a - a +4 ring of slaying (left hand)
 b - an amulet of the acrobat
 e - an amulet of reflection (around neck)
 g - the ring "Meothan" (right hand) {+Blink rPois EV+4 Dex+2}
   (You bought it in a shop on level 2 of the Dungeon)

   [ring of evasion]

   EV:        It affects your evasion (+4).
   Dex:       It affects your dexterity (+2).
   rPois:     It protects you from poison.
   +Blink:    It lets you blink.
 t - a +4 ring of evasion
 x - an amulet of regeneration
 L - the ring "Guet Roe" {Fly rElec rC+ Str+3}
   (You found it on level 9 of the Dungeon)

   [ring of flight]

   Str:       It affects your strength (+3).
   rC:        It protects you from cold.
   rElec:     It insulates you from electricity.
   Fly:       It grants you flight.
 W - a +4 ring of evasion
Wands
 k - a wand of acid (6)
 p - a wand of polymorph (8)
 u - a wand of flame (12)
 A - a wand of paralysis (7)
 R - a wand of iceblast (2)
Scrolls
 i - a scroll of holy word
 o - 3 scrolls of fog
 r - a scroll of immolation
 s - 4 scrolls of teleportation
 O - 2 scrolls of fear
Potions
 f - 4 potions of brilliance
 h - 8 potions of curing
 m - 4 potions of flight
 v - 3 potions of cancellation
 z - 3 potions of haste
 C - 2 potions of ambrosia
 F - a potion of magic
 H - 2 potions of might
 I - 3 potions of heal wounds
 J - a potion of lignification
 M - 3 potions of attraction


   Skills:
 - Level 9.3 Fighting
 + Level 1.1 Staves
 - Level 12.0 Slings
 - Level 10.0 Dodging
 - Level 10.0 Stealth
 - Level 7.2 Shields
 - Level 4.0 Spellcasting
 - Level 7.1 Hexes
 - Level 3.0 Fire Magic
 - Level 6.0 Invocations
 - Level 5.0 Evocations


You had 17 spell levels left.
You knew the following spells:

 Your Spells              Type           Power      Damage    Failure   Level
a - Inner Flame           Hex/Fire       15%        N/A       8%          3

Your spell library contained the following spells:

 Spells                   Type           Power      Damage    Failure   Level
 Ensorcelled Hibernation  Hex/Ice        22%        N/A       8%          2
 Apportation              Tloc           4%         N/A       21%         1
 Freeze                   Ice            8%         1d3       21%         1
 Magic Dart               Conj           8%         1d3       21%         1
 Searing Ray              Conj           4%         2d4       30%         2
 Fulminant Prism          Conj/Hex       5%         3d7       43%         4
 Frozen Ramparts          Ice            4%         1d2       52%         3
 Hailstorm                Conj/Ice       2%         3d3       90%         4
 Fireball                 Conj/Fire      3%         3d4       97%         5
 Alistair's Intoxication  Tmut/Pois      1%         N/A       99%         5
 Conjure Ball Lightning   Conj/Air       1%         3x3d6     100%        6
 Eringya's Noxious Bog    Tmut/Pois      1%         N/A       100%        6
 Starburst                Conj/Fire      3%         6d3       100%        6
 Enfeeble                 Hex            10%        N/A       100%        7
 Discord                  Hex            10%        N/A       100%        8
 Disjunction              Tloc           1%         N/A       100%        8
 Ignition                 Fire           5%         3d4       100%        8
 Fire Storm               Conj/Fire      3%         8d1       100%        9
 Tukima's Dance           Hex            Unusable   N/A       N/A         3

Dungeon Overview and Level Annotations

Branches:
Dungeon (13/15)            Temple (0/1) D:6            Lair (0/6) D:11
    Orc (0/2) D:9
 Vaults: D:13-14

Altars:
Cheibriados
Dithmenos
Elyvilon
Fedhas
Gozag
Okawaru
Sif Muna
Trog
Vehumet
Wu Jian

Shops:
D:2 !=   D:3 (

Annotations:
D:11 1 runed translucent door


Innate Abilities, Weirdness & Mutations

You are very small and have problems with some larger weapons.
You are too small for most types of armour.
You have supernaturally acute eyesight. (SInv)
You cover ground extremely quickly. (Speed+++)


Message History

Confirm with . or Enter, or press ? or * to list all spells.
Aiming: Inner Flame (dangerous; 8% risk of failure)
Press: ? - help, Dir - move target, f/p - ice dragon
Aim: an ice dragon (chance to affect: 51%)
The ice dragon is filled with an intense inner flame!
You shoot a sling bullet.
The sling bullet hits the ice dragon but does no damage.
You shoot a sling bullet.
The sling bullet hits the ice dragon but does no damage.
You shoot a sling bullet.
The sling bullet closely misses the ice dragon.
The sling bullet barely misses the ice dragon.
Your magical contamination has completely faded away.
You shoot a sling bullet.
The sling bullet hits the ice dragon but does no damage.
You shoot a sling bullet. The sling bullet hits the ice dragon.
Flame seeps out of the ice dragon.
The ice dragon is lightly wounded.
The ice dragon is engulfed in blazing flames.
Flame seeps out of the ice dragon.
You shoot a sling bullet. The sling bullet hits the ice dragon.
Flame seeps out of the ice dragon.
The ice dragon is moderately wounded.
The ice dragon is engulfed in blazing flames.
Flame seeps out of the ice dragon.
You shoot a sling bullet. The sling bullet hits the ice dragon.
Flame seeps out of the ice dragon.
The ice dragon is severely wounded.
The ice dragon is engulfed in blazing flames.
Flame seeps out of the ice dragon.
You shoot a sling bullet.
The sling bullet completely misses the ice dragon.
The ice dragon is engulfed in blazing flames.
You shoot a sling bullet.
The sling bullet hits the ice dragon but does no damage.
The ice dragon is almost dead.
The ice dragon breathes frost at you. The blast of cold hits you!!!
Ouch! That really hurt!
You die...

#.............................
#........####.............)...
####..........##......)..........
.................................
##.###.###....#..................
.....#.###)...##..)..#...........
###........#####.................
###.##)###...[.......##..........
#.....)#######..@...[#...........
#.#......))...[............}.....
........#####.#.......#.........#
.#..#########....##...#..).....##
.#.....###)......##.###........#
...###.##..###.D.##.#..........#
.##.......#.....D..............#
....##.#.....#.°.......#########
..####.......#.(#..#.###


You could see 2 ice dragons.

Vanquished Creatures
  Gastronok (D:10)
  Josephine (D:10)
  Harold (D:10)
  3 hydras
  2 boulder beetles
  A catoblepas (D:12)
  2 centaur warriors
  Erica (D:8)
  5 two-headed ogres
  A skeletal warrior (D:12)
  Pikel (D:7)
  The ghost of Astera the Cleaver, a novice GnWn of Nemelex Xobeh (D:5)
  2 cyclopes (D:12)
  An ugly thing (D:12)
  Maurice (D:10)
  Maggie (D:6)
  4 gargoyles (D:12)
  4 unseen horrors
  Psyche (D:8)
  A rime drake (shapeshifter) (D:13)
  A komodo dragon (D:11)
  2 trolls
  Grinder (D:6)
  3 shadows
  4 wraiths
  2 wyverns
  16 yaks
  A steam dragon (D:8)
  5 vampire mosquitoes
  A warg (D:9)
  Edmund (D:6)
  8 orc warriors
  3 ice beasts
  A sky beast (D:7)
  2 ogres
  5 necrophages
  7 centaurs
  A lemure (D:7)
  A kobold brigand (D:10)
  A bullfrog (D:7)
  2 scorpions
  A gnoll sergeant (D:6)
  4 killer bees (D:8)
  13 wights
  2 electric eels (D:10)
  7 howler monkeys
  6 centaur zombies
  6 orc priests
  A gnoll shaman (D:8)
  4 iguanas
  12 orc wizards
  A killer bee zombie (D:6)
  A hound zombie (D:5)
  A hound skeleton (D:5)
  3 howler monkey zombies
  9 gnolls
  A howler monkey skeleton (D:6)
  6 adders
  2 white imps
  2 ufetubi
  2 worms
  5 dart slugs
  39 orcs
  5 bats
  10 endoplasms
  3 giant cockroaches
  6 goblins
  4 hobgoblins (D:1)
  4 quokkas
  10 ball pythons
  3 frilled lizards
  17 kobolds
  5 rats
298 creatures vanquished.

Vanquished Creatures (others)
  An orc priest (D:8)
  4 fungi (D:8)
  19 plants
24 creatures vanquished.

Grand Total: 322 creatures vanquished

Notes
Turn   | Place    | Note
-------+----------+-------------------------------------------
     0 | D:1      | Deminshera the Spriggan Hunter began the quest for the Orb.
     0 | D:1      | Reached XP level 1. HP: 10/10 MP: 2/2
   250 | D:1      | Reached XP level 2. HP: 15/15 MP: 3/3
   300 | D:1      | Reached skill level 5 in Slings
   569 | D:1      | Found a faded altar of an unknown god.
   622 | D:1      | Reached XP level 3. HP: 18/18 MP: 4/4
  1049 | D:2      | Found Iqaxkeej's Distillery.
  1148 | D:2      | Found Meosaokk's Jewellery Shoppe.
  2210 | D:3      | Reached XP level 4. HP: 22/23 MP: 5/5
  2610 | D:3      | Found an iron altar of Okawaru.
  2628 | D:3      | Found Cucifuod's Weapon Boutique.
  2634 | D:3      | Became a worshipper of Warmaster Okawaru
  2974 | D:4      | Reached XP level 5. HP: 19/27 MP: 6/6
  3055 | D:4      | Noticed an ogre
  3083 | D:4      | Killed an ogre
  3084 | D:4      | Reached skill level 6 in Slings
  3231 | D:4      | Found a bloodstained altar of Trog.
  3384 | D:4      | Reached * piety under Okawaru
  3385 | D:4      | Reached XP level 6. HP: 24/32 MP: 7/7
  3661 | D:4      | Identified the +2 spear of Peace {venom, Will+}
  4267 | D:4      | Reached skill level 5 in Stealth
  4371 | D:4      | Reached skill level 5 in Dodging
  4705 | D:5      | Entered Level 5 of the Dungeon
  5690 | D:5      | Found a snail-covered altar of Cheibriados.
  5757 | D:5      | Found a runed translucent door.
  5758 | D:5      | Noticed Astera's ghost (novice GnWn)
  5800 | D:5      | Noticed an ice beast
  5859 | D:5      | Killed an ice beast
  5860 | D:5      | Reached XP level 7. HP: 36/36 MP: 8/8
  6211 | D:5      | Reached skill level 7 in Slings
  6508 | D:5      | Found an ornate altar of the Wu Jian Council.
  6731 | D:5      | Killed Astera's ghost
  6731 | D:5      | Reached ** piety under Okawaru
  6732 | D:5      | Reached XP level 8. HP: 42/42 MP: 9/9
  7098 | D:6      | Reached *** piety under Okawaru
  7529 | D:6      | Found a staircase to the Ecumenical Temple.
  7606 | D:6      | Reached skill level 8 in Slings
  7691 | D:6      | Noticed an unseen horror
  7703 | D:6      | Killed an unseen horror
  7900 | D:6      | Reached skill level 5 in Fighting
  8547 | D:6      | Noticed Grinder
  8581 | D:6      | Killed Grinder
  8582 | D:6      | Reached XP level 9. HP: 18/47 MP: 10/10
  8661 | D:6      | Reached **** piety under Okawaru
  8661 | D:6      | Received a gift from Okawaru
  8871 | D:6      | Found a shimmering blue altar of Sif Muna.
  8872 | D:6      | Found an opulent altar of Gozag.
  9189 | D:6      | Reached skill level 9 in Slings
  9568 | D:6      | Found a radiant altar of Vehumet.
  9570 | D:6      | Found a shadowy altar of Dithmenos.
  9666 | D:6      | Noticed Maggie
  9666 | D:6      | Noticed Edmund
  9724 | D:6      | Killed Edmund
  9749 | D:6      | Killed Maggie
  9750 | D:6      | Reached skill level 10 in Stealth
 10328 | D:6      | Identified 2 scrolls of acquirement
 10330 | D:6      | Acquired 668 gold pieces
 10448 | D:2      | Bought the ring "Meothan" {+Blink rPois EV+4 Dex+2} for 584
                  | gold pieces
 10490 | D:2      | Bought a potion of heal wounds for 70 gold pieces
 10490 | D:2      | Bought a potion of lignification for 42 gold pieces
 10490 | D:2      | Bought a potion of heal wounds for 70 gold pieces
 10490 | D:2      | Bought a potion of might for 56 gold pieces
 10590 | D:6      | Acquired 824 gold pieces
 10815 | D:7      | Reached skill level 1 in Evocations
 11170 | D:7      | Noticed Pikel
 11235 | D:7      | Killed Pikel
 11235 | D:7      | Received a gift from Okawaru
 11236 | D:7      | Reached skill level 1 in Shields
 11447 | D:8      | Reached skill level 10 in Slings
 11825 | D:8      | Noticed Psyche
 11881 | D:8      | Killed Psyche
 11882 | D:8      | Reached XP level 10. HP: 48/53 MP: 9/11
 12225 | D:8      | Noticed a two-headed ogre
 12361 | D:8      | Found a blossoming altar of Fedhas.
 12365 | D:8      | Noticed Erica
 12423 | D:8      | Killed a two-headed ogre
 12423 | D:8      | Received a gift from Okawaru
 12424 | D:8      | Reached skill level 10 in Dodging
 12524 | D:8      | Killed Erica
 12524 | D:8      | Received a gift from Okawaru
 12525 | D:8      | Reached skill level 5 in Evocations
 13641 | D:9      | Identified the +1 robe "Okhuter" {SInv}
 13893 | D:9      | Noticed an eight-headed hydra
 13896 | D:9      | Identified the ring "Guet Roe" {Fly rElec rC+ Str+3}
 13989 | D:9      | Killed an eight-headed hydra
 13990 | D:9      | Reached skill level 11 in Slings
 14638 | D:9      | Received a gift from Okawaru
 15125 | D:9      | Reached XP level 11. HP: 58/58 MP: 12/12
 15200 | D:9      | Found a staircase to the Orcish Mines.
 15769 | D:10     | Entered Level 10 of the Dungeon
 15769 | D:10     | Noticed Harold
 15778 | D:10     | Killed Harold
 15778 | D:10     | Received a gift from Okawaru
 15778 | D:10     | Reached ***** piety under Okawaru
 15779 | D:10     | Reached skill level 1 in Invocations
 15929 | D:10     | Received a gift from Okawaru
 16053 | D:10     | Noticed Maurice
 16070 | D:10     | Killed Maurice
 16070 | D:10     | Noticed Gastronok
 16667 | D:10     | Killed Gastronok
 16667 | D:10     | Received a gift from Okawaru
 16668 | D:10     | Reached skill level 12 in Slings
 16922 | D:10     | Received a gift from Okawaru
 16960 | D:10     | Reached skill level 5 in Shields
 17077 | D:10     | Noticed Josephine
 17236 | D:10     | Killed Josephine
 17236 | D:10     | Received a gift from Okawaru
 18169 | D:11     | Noticed a two-headed ogre
 18178 | D:11     | Killed a two-headed ogre
 18178 | D:11     | Received a gift from Okawaru
 18226 | D:11     | Reached skill level 5 in Invocations
 18451 | D:11     | Got the Catalogue of Intoxication and Heat
 18462 | D:11     | Learned a level 3 spell: Inner Flame
 18525 | D:11     | Noticed a fire dragon
 18527 | D:11     | Found a runed translucent door.
 18527 | D:11     | Noticed an ice dragon
 18527 | D:11     | Noticed a fire dragon
 18527 | D:11     | Found the +2 shield of Resistance {rF++ rC++ Will++}
 18528 | D:11     | Found a runed translucent door.
 18532 | D:11     | Noticed an ice dragon
 18608 | D:11     | Noticed a boulder beetle
 18617 | D:11     | Reached XP level 12. HP: 65/65 MP: 16/16
 18700 | D:11     | Killed a boulder beetle
 18701 | D:11     | Reached skill level 1 in Spellcasting
 18880 | D:11     | Reached skill level 1 in Hexes
 18883 | D:11     | Found a staircase to the Lair.
 19134 | D:11     | Reached skill level 1 in Fire Magic
 19584 | D:12     | Noticed a centaur warrior
 19594 | D:12     | Killed a centaur warrior
 19594 | D:12     | Identified the +0 robe of Liberty {rElec rPois rF+ Str-3}
                  | (Okawaru gifted it to you on level 12 of the Dungeon)
 19594 | D:12     | Received a gift from Okawaru
 19647 | D:12     | Found a white marble altar of Elyvilon.
 19894 | D:12     | Noticed a two-headed ogre
 19905 | D:12     | Killed a two-headed ogre
 20209 | D:12     | Noticed a two-headed ogre
 20223 | D:12     | Killed a two-headed ogre
 21397 | D:12     | Noticed a boulder beetle
 21397 | D:12     | Noticed a two-headed ogre
 21414 | D:12     | Killed a two-headed ogre
 21415 | D:12     | Reached skill level 5 in Hexes
 21543 | D:12     | Noticed an eight-headed hydra
 21569 | D:12     | Killed an eight-headed hydra
 22327 | D:12     | Killed a boulder beetle
 22917 | D:13     | Noticed a centaur warrior
 22924 | D:13     | Killed a centaur warrior
 22965 | D:13     | Noticed a six-headed hydra
 23264 | D:13     | Killed a six-headed hydra
 23623 | D:13     | Identified the +8 lajatang "Beetle's Peril" {freeze, Fly}
                  | (Okawaru gifted it to you on level 13 of the Dungeon)
 23623 | D:13     | Received a gift from Okawaru
 23783 | D:13     | Reached XP level 13. HP: 68/70 MP: 20/20
 24048 | D:12     | Reached skill level 1 in Staves
 24641 | D:11     | Killed from afar by an ice dragon

Illustrated notes

Levels and vault maps discovered:
D:1:      onia_arrival_mini_maze_b, layout_basic,
          ebering_ecumenical_altar_sacrificial
D:2:      layout_basic, serial_shops, shop, shop
D:3:      layout_rooms, okawaru_gym_becter, serial_shops,
          nicolae_shop_waterfront, chequers_serial_rivers_small_b, st_stairs_5
D:4:      kennysheep_big_flooded_room, layout_layer_cave, bloody_trog
D:5:      layout_loops_corners, lemuel_crystal_altar, mainiacjoe_overflow_paths,
          gammafunk_ghost_grave
D:6:      layout_basic, grunt_temple_overflow_open, minmay_temple_entry_arrows,
          uniq_grinder, uniq_maggie, uniq_edmund
D:7:      layout_gridville, uniq_pikel
D:8:      hellmonk_crumbling_castle, layout_basic,
          mainiacjoe_overflow_cross_hatched, uniq_psyche, uniq_erica
D:9:      layout_irregular_city, david_orc_3
D:10:     layout_basic, uniq_josephine, uniq_harold, uniq_maurice,
          uniq_gastronok
D:11:     layout_rooms, david_lair_shrubbed, serial_undead, serial_undead_b,
          serial_undead_a, serial_undead_c, serial_undead_c,
          minmay_guarded_unrand_resistance
D:12:     kennysheep_six_static_rooms, layout_basic, elyvilon_altar_1
D:13:     layout_basic, serial_curves, eino_curves_02, eino_curves_02

Skill      XL: |  1  2  3  4  5  6  7  8  9 10 11 12 13 |
---------------+----------------------------------------+-----
Stealth        | 2 3 4 6 7 9 10 | 10.0
Dodging        | 3 4 5 6 8 9 10 | 10.0
Slings         | 5 6 7 8 10 11 12 | 12.0
Fighting       | 2 3 4 5 6 7 8 9 |  9.3
Evocations     | 3 5 |  5.0
Shields        | 1 4 5 7 |  7.2
Invocations    | 5 6 |  6.0
Spellcasting   | 4 |  4.0
Hexes          | 7 |  7.1
Fire Magic     | 3 |  3.0
Staves         | 1 |  1.1

Action                   |  1- 3 |  4- 6 |  7- 9 | 10-12 | 13-15 || total
-------------------------+-------+-------+-------+-------+-------++-------
Melee: Spear             |       |       |    13 |       |       ||    13
       Unarmed           |       |       |     6 |       |       ||     6
 Fire: Hunting sling     |   156 |   268 |   533 |  1550 |    29 ||  2536
 Cast: Inner Flame       |       |       |       |    12 |     5 ||    17
Invok: Heroism           |       |       |     1 |     2 |       ||     3
       Finesse           |       |       |       |     1 |       ||     1
 Abil: Evoke Blink       |       |       |       |     4 |     1 ||     5
Evoke: Wand              |       |       |     7 |     3 |       ||    10
  Use: Scroll            |       |       |    13 |     3 |    10 ||    26
       Potion            |       |       |       |       |     4 ||     4
 Stab: Sleeping          |       |       |     1 |       |       ||     1
Armor: Robe              |     3 |     3 |     2 |       |       ||     8
       Steam dragon scal |       |       |     3 |    15 |     6 ||    24
       Skin              |       |       |     1 |       |       ||     1
Dodge: Dodged            |    32 |    54 |    90 |   203 |     6 ||   385
Block: Other             |     3 |    11 |    14 |       |       ||    28
       Buckler           |       |       |    16 |   203 |     6 ||   225
       Reflection        |       |       |     3 |    19 |       ||    22

Table legend: (Time is in decaauts)
 A = Elapsed time spent in this place.
 B = Non-inter-level travel time spent in this place.
 C = Inter-level travel time spent in this place.
 D = Time resting spent in this place.
 E = Time spent auto-exploring this place.
 F = Levels seen in this place.
 G = Mean time per level.
                   A        B        C        D        E       F      G
               +--------+--------+--------+--------+--------+-----+--------+
         Total |  19103 |  18560 |    543 |   6835 |   8039 |  13 | 1469.5 |
       Dungeon |  19103 |  18560 |    543 |   6835 |   8039 |  13 | 1469.5 |
               +--------+--------+--------+--------+--------+-----+--------+

Top non-repeatable levels by time:
    D:12: 3035 daAuts
     D:6: 2921 daAuts
    D:10: 1709 daAuts
     D:5: 1664 daAuts
     D:8: 1642 daAuts
     D:9: 1599 daAuts
     D:4: 1418 daAuts
    D:11: 1356 daAuts
    D:13: 1026 daAuts
     D:2: 981 daAuts
     D:1: 618 daAuts
     D:7: 597 daAuts
     D:3: 533 daAuts
